TOP OF THE 1ST |
Butler White Sox batting - Pitching for Newark Bulldogs : RHP Juan González
|
Pitching: RHP Juan González
|
|
Batting: LHB Denny Allen
|
0-0: Foul Ball, location: 2F 0-1: Swinging Strike 0-2: Ball 1-2: Ball 2-2: Strikes out swinging
|
Batting: RHB Bo Vickers
|
0-0: Called Strike 0-1: Ball 1-1: Swinging Strike 1-2: Strikes out looking
|
Batting: LHB Dave Cook
|
0-0: Foul Ball, location: 2F 0-1: Swinging Strike 0-2: Foul Ball, location: 2F 0-2: Ball 1-2: Foul Ball, location: 2F 1-2: Foul Ball, location: 2F 1-2: Foul Ball, location: 2F 1-2: Foul Ball, location: 2F 1-2: Foul Ball, location: 2F 1-2: SINGLE (Line Drive, 34)
|
Batting: LHB Milton Watson
|
0-0: Ball 1-0: Ball 2-0: Ball 3-0: Called Strike 3-1: Swinging Strike 3-2: Foul Ball, location: 2F 3-2: Base on Balls Dave Cook to second
|
Batting: RHB Luis Ramos
|
0-0: Ball 1-0: Foul Ball, location: 2F 1-1: Foul Ball, location: 2F 1-2: Foul Ball, location: 2F 1-2: Strikes out looking
|
Top of the 1st over - 0 run(s), 1 hit(s), 0 error(s), 2 left on base; Butler 0 - Newark 0 |
BOTTOM OF THE 1ST |
Newark Bulldogs batting - Pitching for Butler White Sox : LHP Dexter Browning
|
Pitching: LHP Dexter Browning
|
|
Batting: RHB Wilson Flores
|
0-0: SINGLE (Flyball, 89S)
|
Batting: LHB Frank Jackson
|
0-0: DOUBLE (Line Drive, 7LD) Wilson Flores to third
|
Batting: RHB Ken McDonald
|
0-0: Called Strike 0-1: Ball 1-1: Foul Ball, location: 2F 1-2: SINGLE (Flyball, 78S) Wilson Flores scores Frank Jackson to third
|
Batting: RHB Randy Simons
|
0-0: Called Strike 0-1: Fly out, F6 (Popup, 6)
|
Batting: RHB Michael Skinner
|
0-0: Foul Ball, location: 2F 0-1: Hit by Pitch Ken McDonald to second
|
Batting: SHB Larry Peterson
|
0-0: Called Strike 0-1: Ball 1-1: Ball 2-1: Foul Ball, location: 2F 2-2: Ball 3-2: Strikes out swinging
|
Batting: RHB Tony Long
|
0-0: Called Strike 0-1: Ball 1-1: Ball 2-1: Foul Ball, location: 2F 2-2: Ball 3-2: Foul Ball, location: 2F 3-2: DOUBLE (Line Drive, 7LD) Frank Jackson scores Ken McDonald scores Michael Skinner to third Michael Skinner scores
|
Batting: RHB Leonardo Pinto
|
0-0: SINGLE (Line Drive, 89S) Tony Long to third
|
Batting: LHB Ángel Tuzzi
|
0-0: Called Strike 0-1: Ball 1-1: Foul Ball, location: 2F 1-2: Strikes out swinging
|
Bottom of the 1st over - 4 run(s), 5 hit(s), 0 error(s), 2 left on base; Butler 0 - Newark 4 |
TOP OF THE 2ND |
Butler White Sox batting - Pitching for Newark Bulldogs : RHP Juan González
|
Batting: RHB Jerry Moore
|
0-0: SINGLE (Groundball, 34D)
|
Batting: RHB Luis Fuentes
|
0-0: Called Strike 0-1: Ball 1-1: Ball 2-1: DOUBLE (Groundball, 5L) Jerry Moore to third Runner from 3rd tries for Home, SAFE, no throw
|
Batting: RHB José Darias
|
0-0: Ball 1-0: Ball 2-0: Ball 3-0: Called Strike 3-1: Base on Balls
|
Batting: RHB Mançio Delmage
|
0-0: Called Strike 0-1: Swinging Strike 0-2: Ball 1-2: Ball 2-2: Foul Ball, location: 2F 2-2: Ball 3-2: Fly out, F6 (Line Drive, 6)
|
Batting: LHB Denny Allen
|
0-0: Ball 1-0: Foul Ball, location: 2F 1-1: Foul Ball, location: 2F 1-2: Ball 2-2: Foul Ball, location: 2F 2-2: Ball 3-2: Fly out, F8 (Flyball, 8LM)
|
Batting: RHB Bo Vickers
|
0-0: Foul Ball, location: 2F 0-1: Called Strike 0-2: SINGLE (Line Drive, 78S) Luis Fuentes to third José Darias to second
|
Batting: LHB Dave Cook
|
0-0: Called Strike 0-1: Foul Ball, location: 2F 0-2: Ball 1-2: Foul Ball, location: 2F 1-2: Ground out 1-3 (Groundball, 13S)
|
Top of the 2nd over - 1 run(s), 3 hit(s), 0 error(s), 3 left on base; Butler 1 - Newark 4 |
BOTTOM OF THE 2ND |
Newark Bulldogs batting - Pitching for Butler White Sox : LHP Dexter Browning
|
Batting: RHB Wilson Flores
|
0-0: Called Strike 0-1: Ball 1-1: Fly out, F9 (Flyball, 9LMF)
|
Batting: LHB Frank Jackson
|
0-0: Swinging Strike 0-1: SOLO HOME RUN (Flyball, 7D), Distance : 355 ft
|
Batting: RHB Ken McDonald
|
0-0: Ball 1-0: Reached on error, E7 (Flyball, 7S)
|
Batting: RHB Randy Simons
|
0-0: Ball 1-0: Called Strike 1-1: Foul Ball, location: 2F 1-2: Foul Ball, location: 2F 1-2: Fly out, F8 (Flyball, 8LXD)
|
Batting: RHB Michael Skinner
|
0-0: Called Strike 0-1: Swinging Strike 0-2: Foul Ball, location: 2F 0-2: Foul Ball, location: 2F 0-2: Strikes out swinging
|
Bottom of the 2nd over - 1 run(s), 1 hit(s), 1 error(s), 1 left on base; Butler 1 - Newark 5 |
TOP OF THE 3RD |
Butler White Sox batting - Pitching for Newark Bulldogs : RHP Juan González
|
Batting: LHB Milton Watson
|
0-0: Foul Ball, location: 2F 0-1: Ball 1-1: SINGLE (Groundball, 4MD)
|
Batting: RHB Luis Ramos
|
0-0: Ball 1-0: Foul Ball, location: 2F 1-1: Ball 2-1: Called Strike 2-2: Ball 3-2: Strikes out looking
|
Batting: RHB Jerry Moore
|
0-0: Ball 1-0: Ball 2-0: Foul Ball, location: 2F 2-1: Ball 3-1: Base on Balls Milton Watson to second
|
Batting: RHB Luis Fuentes
|
0-0: Ball 1-0: Ball 2-0: Called Strike 2-1: Called Strike 2-2: Foul Ball, location: 2F 2-2: Foul Ball, location: 2F 2-2: Strikes out swinging
|
Batting: RHB José Darias
|
0-0: Ball 1-0: Ball 2-0: Ball 3-0: Base on Balls Milton Watson to third Jerry Moore to second
|
Batting: RHB Mançio Delmage
|
0-0: Called Strike 0-1: Called Strike 0-2: Ball 1-2: Ball 2-2: Ground out 5-3 (Groundball, 56S)
|
Top of the 3rd over - 0 run(s), 1 hit(s), 0 error(s), 3 left on base; Butler 1 - Newark 5 |
BOTTOM OF THE 3RD |
Newark Bulldogs batting - Pitching for Butler White Sox : LHP Dexter Browning
|
Batting: SHB Larry Peterson
|
0-0: Ball 1-0: Ball 2-0: Called Strike 2-1: Swinging Strike 2-2: Strikes out swinging
|
Batting: RHB Tony Long
|
0-0: Called Strike 0-1: Ball 1-1: Ball 2-1: Called Strike 2-2: Strikes out swinging
|
Batting: RHB Leonardo Pinto
|
0-0: Called Strike 0-1: Ball 1-1: Fly out, F8 (Flyball, 8RM)
|
Bottom of the 3rd over - 0 run(s), 0 hit(s), 0 error(s), 0 left on base; Butler 1 - Newark 5 |
TOP OF THE 4TH |
Butler White Sox batting - Pitching for Newark Bulldogs : RHP Juan González
|
Pitching: RHP José Gonzáles
|
|
Batting: LHB Denny Allen
|
0-0: Called Strike 0-1: Ball 1-1: SINGLE (Line Drive, 78S)
|
Batting: RHB Bo Vickers
|
0-0: Ball 1-0: Ball 2-0: Foul Ball, location: 2F 2-1: Ball 3-1: Foul Ball, location: 2F 3-2: Base on Balls Denny Allen to second
|
Batting: LHB Dave Cook
|
0-0: Ball 1-0: Foul Ball, location: 2F 1-1: Ball 2-1: Foul Ball, location: 2F 2-2: Foul Ball, location: 2F 2-2: Ball 3-2: DOUBLE (Line Drive, 8RXD) Denny Allen scores Bo Vickers to third
|
Batting: LHB Milton Watson
|
0-0: Ball 1-0: SINGLE (Groundball, 34D) Bo Vickers scores Dave Cook to third
|
Batting: RHB Luis Ramos
|
0-0: Ball 1-0: Ball 2-0: Called Strike 2-1: Ball 3-1: Base on Balls Milton Watson to second
|
Batting: RHB Jerry Moore
|
0-0: Ball 1-0: Foul Ball, location: 2F 1-1: Foul Ball, location: 2F 1-2: Ball 2-2: Fielders Choice at 2nd, 4-6 (Groundball, 4D) Dave Cook scores Milton Watson to third
|
Pitching: RHP Jesús Salazar
|
|
Batting: RHB Luis Fuentes
|
0-0: Ball 1-0: Ball 2-0: Ball 3-0: Called Strike 3-1: Foul Ball, location: 2F 3-2: Fly out, F9 (Flyball, 9) Runner from 3rd tags up, SCORES, throw made
|
Batting: RHB José Darias
|
0-0: Ball 1-0: Fly out, F5 (Line Drive, 5)
|
Top of the 4th over - 4 run(s), 3 hit(s), 0 error(s), 1 left on base; Butler 5 - Newark 5 |
BOTTOM OF THE 4TH |
Newark Bulldogs batting - Pitching for Butler White Sox : LHP Dexter Browning
|
Batting: LHB Ángel Tuzzi
|
0-0: Called Strike 0-1: Called Strike 0-2: Ball 1-2: Foul Ball, location: 2F 1-2: Foul Ball, location: 2F 1-2: Foul Ball, location: 2F 1-2: Ball 2-2: Fly out, F8 (Flyball, 8RD)
|
Batting: RHB Wilson Flores
|
0-0: Ball 1-0: Foul Ball, location: 2F 1-1: SINGLE (Line Drive, 6)
|
Batting: LHB Frank Jackson
|
0-0: Ball 1-0: Swinging Strike 1-1: Called Strike Wilson Flores steals 2nd base 1-2: Strikes out looking
|
Batting: RHB Ken McDonald
|
0-0: Called Strike 0-1: Ball 1-1: Foul Ball, location: 2F 1-2: Fly out, F4 (Popup, 4)
|
Bottom of the 4th over - 0 run(s), 1 hit(s), 0 error(s), 1 left on base; Butler 5 - Newark 5 |
TOP OF THE 5TH |
Butler White Sox batting - Pitching for Newark Bulldogs : RHP Jesús Salazar
|
Batting: RHB Mançio Delmage
|
0-0: Ball 1-0: Called Strike 1-1: Ball 2-1: Foul Ball, location: 2F 2-2: Foul Ball, location: 2F 2-2: Ball 3-2: Base on Balls
|
Batting: LHB Denny Allen
|
0-0: Ball 1-0: Called Strike Mançio Delmage steals 2nd base 1-1: Ball 2-1: SINGLE (Groundball, 34D) Mançio Delmage to third
|
Batting: RHB Bo Vickers
|
0-0: Ball Denny Allen steals 2nd base 1-0: Called Strike 1-1: Ball 2-1: Ball 3-1: Foul Ball, location: 2F 3-2: Foul Ball, location: 2F 3-2: Foul Ball, location: 2F 3-2: Base on Balls
|
Pitching: LHP Weston Harper
|
|
Batting: LHB Dave Cook
|
0-0: Ball 1-0: Foul Ball, location: 2F 1-1: Ball 2-1: Fielders Choice at 2nd, 3-6 (Groundball, 3) Mançio Delmage scores Denny Allen to third
|
Batting: LHB Milton Watson
|
0-0: Ball 1-0: Ball 2-0: Called Strike 2-1: Ball 3-1: Foul Ball, location: 2F 3-2: Base on Balls Dave Cook to second
|
Batting: RHB Luis Ramos
|
0-0: Called Strike 0-1: Ball 1-1: Fly out, F4 (Popup, 4MD)
|
Batting: RHB Jerry Moore
|
0-0: DOUBLE (Groundball, 5L) Denny Allen scores Dave Cook scores Milton Watson to third
|
Batting: RHB Luis Fuentes
|
0-0: Foul Ball, location: 2F 0-1: Ball 1-1: Ball 2-1: Ball 3-1: Base on Balls
|
Batting: RHB José Darias
|
0-0: Ball 1-0: Fielders Choice at 2nd, 5-4 (Groundball, 56)
|
Top of the 5th over - 3 run(s), 2 hit(s), 0 error(s), 2 left on base; Butler 8 - Newark 5 |
BOTTOM OF THE 5TH |
Newark Bulldogs batting - Pitching for Butler White Sox : LHP Dexter Browning
|
Pitching: RHP Juan Silva
|
|
Batting: RHB Randy Simons
|
0-0: Called Strike 0-1: DOUBLE (Groundball, 5L)
|
Batting: RHB Michael Skinner
|
0-0: Ground out 1-3 (Groundball, 15)
|
Batting: SHB Larry Peterson
|
0-0: Ball 1-0: Ground out 4-3 (Groundball, 34D) Randy Simons to third
|
Batting: RHB Tony Long
|
0-0: Ball 1-0: Ball 2-0: Swinging Strike 2-1: Swinging Strike 2-2: Ball 3-2: Strikes out looking
|
Bottom of the 5th over - 0 run(s), 1 hit(s), 0 error(s), 1 left on base; Butler 8 - Newark 5 |
TOP OF THE 6TH |
Butler White Sox batting - Pitching for Newark Bulldogs : LHP Weston Harper
|
Batting: RHB Mançio Delmage
|
0-0: Ball 1-0: Called Strike 1-1: Ball 2-1: Ball 3-1: Fly out, F9 (Flyball, 9LM)
|
Batting: LHB Denny Allen
|
0-0: Foul Ball, location: 2F 0-1: Ball 1-1: Foul Ball, location: 2F 1-2: Strikes out swinging
|
Batting: RHB Bo Vickers
|
0-0: Ball 1-0: Ball 2-0: Ball 3-0: Called Strike 3-1: Base on Balls
|
Batting: LHB Dave Cook
|
0-0: Foul Ball, location: 2F 0-1: Fielders Choice at 2nd, 4-6 (Groundball, 34D)
|
Top of the 6th over - 0 run(s), 0 hit(s), 0 error(s), 0 left on base; Butler 8 - Newark 5 |
BOTTOM OF THE 6TH |
Newark Bulldogs batting - Pitching for Butler White Sox : RHP Juan Silva
|
Batting: RHB Leonardo Pinto
|
0-0: Ball 1-0: Ground out U3 (Groundball, 3L)
|
Batting: LHB Ángel Tuzzi
|
0-0: Foul Ball, location: 2F 0-1: Ball 1-1: Ground out 4-3 (Groundball, 4)
|
Batting: RHB Wilson Flores
|
0-0: Ball 1-0: Foul Ball, location: 2F 1-1: Ball 2-1: Ball 3-1: Base on Balls
|
Batting: LHB Frank Jackson
|
0-0: Ball 1-0: Swinging Strike 1-1: Ball 2-1: Reached on error, E5 (Groundball, 56S) Wilson Flores to second
|
Batting: RHB Ken McDonald
|
0-0: Ball 1-0: SINGLE (Flyball, 8LS) Wilson Flores to third Frank Jackson to second Runner from 3rd tries for Home, SAFE, no throw
|
Batting: RHB Randy Simons
|
0-0: Ball 1-0: SINGLE (Groundball, 56D) Frank Jackson to third Ken McDonald to second Runner from 3rd tries for Home, SAFE, throw made at trailing runner, SAFE at third!
|
Batting: RHB Michael Skinner
|
0-0: Fly out, F9 (Flyball, 9LM)
|
Bottom of the 6th over - 2 run(s), 2 hit(s), 1 error(s), 2 left on base; Butler 8 - Newark 7 |
TOP OF THE 7TH |
Butler White Sox batting - Pitching for Newark Bulldogs : LHP Weston Harper
|
Batting: LHB Milton Watson
|
0-0: Swinging Strike 0-1: Ball 1-1: Called Strike 1-2: Fly out, F6 (Line Drive, 6)
|
Batting: RHB Luis Ramos
|
0-0: Called Strike 0-1: Called Strike 0-2: Ball 1-2: Strikes out swinging
|
Batting: RHB Jerry Moore
|
0-0: SINGLE (Flyball, 56D)
|
Pinch Hitting: RHB Ken Longoria
|
0-0: Ball 1-0: Foul Ball, location: 2F 1-1: Foul Ball, location: 2F 1-2: Strikes out swinging
|
Top of the 7th over - 0 run(s), 1 hit(s), 0 error(s), 1 left on base; Butler 8 - Newark 7 |
BOTTOM OF THE 7TH |
Newark Bulldogs batting - Pitching for Butler White Sox : RHP Juan Silva
|
Now at 2B: Tomás Escobar
|
|
Batting: SHB Larry Peterson
|
0-0: Called Strike 0-1: Ball 1-1: SINGLE (Line Drive, 89S)
|
Batting: RHB Tony Long
|
0-0: Ball 1-0: Bunt missed! 1-1: Ball 2-1: Ball 3-1: Bunted foul 3-2: Fly out, F8 (Flyball, 8RD)
|
Pinch Hitting: RHB Perry Henry
|
0-0: Foul Ball, location: 2F 0-1: Called Strike 0-2: Strikes out looking
|
Batting: LHB Ángel Tuzzi
|
0-0: Ball 1-0: Ball 2-0: Foul Ball, location: 2F 2-1: Ball 3-1: Foul Ball, location: 2F 3-2: Foul Ball, location: 2F 3-2: SINGLE (Line Drive, 7LS) Larry Peterson to second Larry Peterson to third
|
Pitching: RHP Eric Wilson
|
|
Pinch Hitting: LHB Wes Stone
|
0-0: Ball 1-0: Ground out 1-3 (Groundball, 13S)
|
Bottom of the 7th over - 0 run(s), 2 hit(s), 0 error(s), 2 left on base; Butler 8 - Newark 7 |
TOP OF THE 8TH |
Butler White Sox batting - Pitching for Newark Bulldogs : LHP Weston Harper
|
Pitching: RHP Jim Cook
|
|
Now at 3B: Álex Hernández
|
|
Now at SS: Larry Booth
|
|
Batting: RHB José Darias
|
0-0: Called Strike 0-1: Called Strike 0-2: Ground out U3 (Groundball, 3)
|
Batting: RHB Mançio Delmage
|
0-0: Called Strike 0-1: Ball 1-1: Foul Ball, location: 2F 1-2: Ball 2-2: Ball 3-2: Foul Ball, location: 2F 3-2: Base on Balls
|
Batting: LHB Denny Allen
|
0-0: Called Strike 0-1: Ball 1-1: Fly out, F7 (Line Drive, 78D)
|
Pinch Hitting: LHB Sean Perkins
|
0-0: Foul Ball, location: 2F 0-1: SINGLE (Groundball, 4MD) Mançio Delmage to second
|
Batting: LHB Dave Cook
|
0-0: Ball 1-0: Ball 2-0: Foul Ball, location: 2F 2-1: Ball 3-1: Base on Balls Mançio Delmage to third Sean Perkins to second
|
Batting: LHB Milton Watson
|
0-0: Ball 1-0: Foul Ball, location: 2F 1-1: Swinging Strike 1-2: Foul Ball, location: 2F 1-2: Foul Ball, location: 2F 1-2: Ground out 1-3 (Groundball, 13)
|
Top of the 8th over - 0 run(s), 1 hit(s), 0 error(s), 3 left on base; Butler 8 - Newark 7 |
BOTTOM OF THE 8TH |
Newark Bulldogs batting - Pitching for Butler White Sox : RHP Eric Wilson
|
Now at SS: Sam Haynes
|
|
Batting: LHB Frank Jackson
|
0-0: Ball 1-0: Ball 2-0: Foul Ball, location: 2F 2-1: Called Strike 2-2: Foul Ball, location: 2F 2-2: Foul Ball, location: 2F 2-2: Fly out, F7 (Flyball, 78S)
|
Batting: RHB Ken McDonald
|
0-0: Swinging Strike 0-1: Ground out 1-3 (Groundball, P)
|
Batting: RHB Randy Simons
|
0-0: Ball 1-0: DOUBLE (Line Drive, 78M)
|
Batting: RHB Michael Skinner
|
0-0: Ball 1-0: Ball 2-0: Foul Ball, location: 2F 2-1: Ball 3-1: Fly out, F4 (Popup, 34D)
|
Bottom of the 8th over - 0 run(s), 1 hit(s), 0 error(s), 1 left on base; Butler 8 - Newark 7 |
TOP OF THE 9TH |
Butler White Sox batting - Pitching for Newark Bulldogs : RHP Jim Cook
|
Batting: RHB Luis Ramos
|
0-0: Ball 1-0: Ball 2-0: Called Strike 2-1: Ground out 3-1 (Groundball, 34)
|
Batting: RHB Jerry Moore
|
0-0: Ball 1-0: Called Strike 1-1: Foul Ball, location: 2F 1-2: Ball 2-2: Foul Ball, location: 2F 2-2: DOUBLE (Line Drive, 78D)
|
Pinch Hitting: RHB Tom Lang
|
0-0: Intentional Walk
|
Pinch Hitting: LHB Félix Fernández
|
0-0: Called Strike 0-1: Called Strike 0-2: Strikes out swinging
|
Pinch Hitting: RHB Enrique Bermúdez
|
0-0: Ball 1-0: Fly out, F8 (Flyball, 8LS)
|
Top of the 9th over - 0 run(s), 1 hit(s), 0 error(s), 2 left on base; Butler 8 - Newark 7 |
BOTTOM OF THE 9TH |
Newark Bulldogs batting - Pitching for Butler White Sox : RHP Eric Wilson
|
Pitching: RHP Archie Summers
|
|
Now at C: Steve Clifton
|
|
Now at 3B: Enrique Bermúdez
|
|
Now in LF: Félix Fernández
|
|
Pinch Hitting: SHB Rafael Villa
|
0-0: Called Strike 0-1: Ball 1-1: Swinging Strike 1-2: Foul Ball, location: 2F 1-2: Ball 2-2: Ball 3-2: Base on Balls
|
Batting: RHB Tony Long
|
0-0: Bunted foul 0-1: Sac Bunt - play at first, batter OUT! U3 Rafael Villa to second
|
Batting: RHB Larry Booth
|
0-0: Ball 1-0: Ball 2-0: Called Strike 2-1: Ground out 6-3 (Groundball, 6)
|
Batting: LHB Ángel Tuzzi
|
0-0: Ball 1-0: Called Strike 1-1: Called Strike 1-2: Strikes out swinging
|
Bottom of the 9th over - 0 run(s), 0 hit(s), 0 error(s), 1 left on base; Butler 8 - Newark 7 |
|